 Dungeon Crawl Stone Soup version 0.21-a0-135-g8dc100c (webtiles) character file.

39 MatthieuS the Grave Robber (level 3, -1/26 HPs)
             Began as a Ghoul Necromancer on July 17, 2017.
             Slain by an adder (3 damage)
             ... on level 2 of the Dungeon.
             The game lasted 00:04:38 (1601 turns).

MatthieuS the Grave Robber (Ghoul Necromancer)      Turns: 1601, Time: 00:04:39

Health: -1/26      AC:  2    Str: 11    XL:     3   Next: 47%
Magic:  4/5        EV: 11    Int: 11    God:
Gold:   29         SH:  0    Dex:  9    Spells: 4/6 levels left

rFire    . . .     SeeInvis .   (no weapon)
rCold    + . .     Gourm    .   (no shield)
rNeg     + + +     Faith    .   f - -1 leather armour (curse)
rPois    ∞         Spirit   .   (no helmet)
rElec    .         Reflect  .   (no cloak)
rCorr    .         Harm     .   (no gloves)
MR       .....                  (no boots)
Stlth    +.........             (no amulet)
HPRegen  0.00/turn              (no ring)
MPRegen  0.09/turn              (no ring)

@: very slightly contaminated, rotting
A: rotting body, claws 1, carnivore 3, cold resistance 1, negative energy
resistance 3, inhibited regeneration, torment resistance, unbreathing
a: no special abilities


You were on level 2 of the Dungeon.
You were not hungry.

You visited 1 branch of the dungeon, and saw 2 of its levels.

You collected 29 gold pieces.

Inventory:

Missiles
 e - 23 stones (quivered)
Armour
 a - a +0 robe
 f - a cursed -1 leather armour (worn)
Scrolls
 h - a scroll of identify
 j - a scroll of fear
Potions
 i - a potion of curing
Books
 b - a book of Necromancy

   Spells                             Type                      Level
   a - Pain                           Necromancy                   1
   b - Animate Skeleton               Necromancy                   1
   c - Vampiric Draining              Necromancy                   3
   d - Regeneration                   Charms/Necromancy            3
   e - Animate Dead                   Necromancy                   4
   f - Control Undead                 Necromancy                   4
Comestibles
 c - 2 meat rations
 d - 2 chunks of flesh


   Skills:
 - Level 1.7 Dodging
 - Level 2.1 Stealth
 + Level 2.2 Spellcasting
 * Level 4.8 Necromancy


You had 4 spell levels left.
You knew the following spells:

 Your Spells              Type           Power        Failure   Level  Hunger
a - Pain                  Necr           ##..         4%          1    ##.....
b - Animate Skeleton      Necr           N/A          4%          1    ##.....


Dungeon Overview and Level Annotations

Branches:
Dungeon (2/15)

Altars:


Innate Abilities, Weirdness & Mutations

Your body is rotting away.
You thrive on raw meat.
You are immune to poison.
You have sharp fingernails.
You are carnivorous and can eat meat at any time.
Your flesh is cold resistant. (rC+)
You are immune to negative energy. (rN+++)
You do not regenerate when monsters are visible.
You are immune to unholy pain and torment.
You can survive without breathing.


Message History

* * * LOW HITPOINT WARNING * * *
It was a potion of magic.
Magic courses through your body. The adder misses you.
The dart slug closely misses you.
It was a potion of curing.
You feel better. The adder closely misses you.
The dart slug closely misses you.
You closely miss the adder.
The adder is almost dead.
The adder bites you.
* * * LOW HITPOINT WARNING * * *
The adder bites you.
* * * LOW HITPOINT WARNING * * *
Casting: Pain
Confirm with . or Enter, or press ? or * to list all spells.
Aiming: Pain
Press: ? - help, Shift-Dir - straight line, f/p - adder
Aim: an adder (almost dead, chance to defeat MR: 73%)
You miscast Pain.
You are very lightly contaminated with residual magic.
Nothing appears to happen.
The adder bites you.
You die...

...# ############....#
...
#..........#..........
#..........##..#.......
#..........##..#.......
#..........##..#.......
#.....@........<......#
#....wS.......>.......#
#......................
....$.............#......
.........................
.........................
........#.#..#.....#.....
##......#.#..#.....#.....
#......#.#..#####.#...##


You could see an adder and a dart slug.

Vanquished Creatures
  2 dart slugs (D:1)
  A leopard gecko (D:2)
  5 hobgoblins (D:1)
  4 jackals (D:1)
  5 kobolds (D:1)
  6 bats
  2 frilled lizards (D:1)
  A goblin (D:2)
  8 rats (D:1)
34 creatures vanquished.

Vanquished Creatures (collateral kills)
  A ball python (D:1)
1 creature vanquished.

Grand Total: 35 creatures vanquished

Notes
Turn   | Place    | Note
-------+----------+-------------------------------------------
     0 | D:1      | MatthieuS the Ghoul Necromancer began the quest for the Orb.
     0 | D:1      | Reached XP level 1. HP: 14/14 MP: 2/2
   266 | D:1      | Reached XP level 2. HP: 20/20 MP: 0/4
   272 | D:1      | Learned a level 1 spell: Animate Skeleton
   862 | D:1      | Reached XP level 3. HP: 26/26 MP: 0/5
  1601 | D:2      | Slain by an adder

Vault maps used:
D:1:      dpeg_arrival_court, serial_curves, eino_curves_01, eino_curves_04,
          st_stairs_12, minmay_misc_feat_iff, minmay_gold_behind_fungi,
          hangedman_decor_riveting, minmay_door_square, serial_bayou_pond_a,
          minmay_misc_feat_more_columns
D:2:      serial_co_window_serial, co_window_corner_a, co_window_paths_b,
          co_window_corner_a, co_window_paths_b, co_window_corner_a,
          co_window_broadway_c, co_window_corner_cb, co_window_2corner,
          co_window_paths_c, glass_columns_a, glass_columns_a, glass_columns_a,
          glass_columns_c, glass_columns_a

Skill      XL: |  1 |
---------------+----+-----
Spellcasting   | 2 |  2.2
Dodging        | |  1.7
Stealth        | |  2.1
Necromancy     | |  4.8

Action                   || total
-------------------------++-------
Melee: Unarmed           ||    25
 Cast: Pain              ||    65
       Animate Skeleton  ||     1
  Use: Potion            ||     2
       Scroll            ||     1
  Eat: Chunk             ||     4
Armor: Robe              ||     6
       Leather armour    ||     6
Dodge: Dodged            ||    40
